Red Wings vs Devils

Created - 9 février 2013 at 00:04

Goals
1 2 3 T
Red Wings 0 2 1 3
Devils 0 1 3 4
Shots
1 2 3 T
Red Wings 4 17 11 32
Devils 12 14 10 36

1st period

No Goal

Penalties :
Donald Brashear (Det) for High sticking (Double Minor) at 7:48, Maxim Kondratiev (Det) for Tripping (Minor) at 15:57, Teemu Selanne (NJD) for Slashing (Minor) at 18:59

2nd period

1. Red Wings , Marcel Hossa 3 (Shea Weber, Brian Sutherby) at 12:11
2. Red Wings , Sean Bergenheim 12 (Kim Johnsson, Jarome Iginla) at 13:55
3. Devils , Anze Kopitar 17 (Teemu Selanne, Jason Williams) at 15:21

Penalties :
No Penalty

3rd period

4. Devils , Henrik Zetterberg 18 (Doug Weight) at 13:16
5. Devils , Sergei Zubov 3 (Ramzi Abid, Marian Hossa) at 14:52 (PP)
6. Devils , Anze Kopitar 18 (Sergei Zubov) at 17:08
7. Red Wings , Donald Brashear 11 (Lubos Bartecko, Mike Richards) at 19:18

Penalties :
Ben Lovejoy (NJD) for Hooking (Minor) at 2:13, Lubos Bartecko (Det) for Boarding (Minor) at 13:54

Goalie Stats

Mike Smith (Det), 32 saves from 36 shots - (0,889), L, 2-5-0, 59:54 minutes
Dan Ellis (NJD), 29 saves from 32 shots - (0,906), W, 6-6-1, 60:00 minutes

Players Stats for Red Wings

Player Name              G  A  P  +/- PIM S  H  SB GA TA FO     MP     PP MP  PK MP  
------------------------------------------------------------------------------------
Antti Miettinen          0  0  0   0  0   2  1  0  0  0  1/1    15:36   1:45   0:52 
Brian Pothier            0  0  0  -1  0   0  0  0  0  1  0/0    11:32   1:28   1:00 
Brian Sutherby           0  1  1   0  0   0  1  0  0  2  1/8    10:34   0:00   3:51 
Christian Backman        0  0  0  -1  0   1  0  1  0  0  0/0    10:58   0:00   3:00 
Donald Brashear          1  0  1   1  4   1  1  2  0  0  1/1    14:40   1:45   0:00 
Jan Bulis                0  0  0   0  0   3  4  1  0  0  6/12   14:55   0:00   2:13 
Jarome Iginla            0  1  1  -1  0   4  1  0  0  0  0/4    22:46   2:13   3:51 
Kim Johnsson             0  1  1   0  0   1  0  2  2  0  0/0    28:55   2:30   3:56 
Lubos Bartecko           0  1  1   1  2   4  3  0  0  0  0/0    12:49   0:00   0:00 
Marcel Hossa             1  0  1   0  0   2  1  0  0  1  0/0     7:27   0:00   0:52 
Martin Straka            0  0  0  -1  0   1  1  0  2  0  15/33  19:00   2:13   0:00 
Mathieu Dandenault       0  0  0   0  0   0  0  0  0  0  0/0     8:48   0:00   2:13 
Maxim Kondratiev         0  0  0   1  2   2  1  0  0  1  0/0    19:38   0:00   2:00 
Mike Richards            0  1  1   1  0   1  1  0  0  0  11/15  14:39   1:45   0:00 
Paul Martin              0  0  0   0  0   2  3  1  0  1  0/0    25:37   2:30   0:00 
Peter Schaefer           0  0  0   0  0   2  4  0  1  0  0/1    12:42   0:00   0:00 
Sean Bergenheim          1  0  1  -1  0   2  3  0  0  0  0/0    19:00   2:13   0:00 
Shea Weber               0  1  1   1  0   4  1  1  0  3  0/0    23:25   1:28   3:56 

Players Stats for Devils

Player Name              G  A  P  +/- PIM S  H  SB GA TA FO     MP     PP MP  PK MP  
------------------------------------------------------------------------------------
Anze Kopitar             2  0  2   1  0   6  1  0  1  0  23/46  21:37   3:26   0:47 
Ben Lovejoy              0  0  0  -1  2   3  2  1  1  1  0/0    25:16   4:46   0:00 
Boris Mironov            0  0  0   0  0   0  1  0  0  0  0/0    11:50   0:37   0:04 
Chris Kunitz             0  0  0  -2  0   2  1  1  0  0  0/0    11:31   0:28   1:27 
Chris Pronger            0  0  0   1  0   0  0  0  0  0  0/0    21:32   1:33   2:39 
Doug Weight              0  1  1   1  0   0  1  0  0  1  13/20  19:17   2:40   2:36 
Henrik Zetterberg        1  0  1   1  0   5  1  0  1  1  0/0    19:35   3:26   1:32 
Jason Williams           0  1  1   0  0   4  0  0  0  0  2/3     8:18   0:11   0:00 
Marian Hossa             0  1  1   1  0   3  0  0  0  0  1/1    17:07   2:43   0:35 
Olli Jokinen             0  0  0  -2  0   3  0  0  0  0  1/5    10:13   0:39   0:00 
Peter Prucha             0  0  0  -2  0   3  0  0  1  0  0/0    10:25   0:51   0:00 
Radek Dvorak             0  0  0   0  0   1  0  0  0  0  0/0     8:26   0:19   0:00 
Ramzi Abid               0  1  1   1  0   1  1  0  1  0  0/0    19:29   2:43   0:00 
Richard Matvichuk        0  0  0   0  0   1  0  0  0  0  0/0    13:07   0:37   1:15 
Roman Hamrlik            0  0  0   1  0   1  0  2  0  1  0/0    20:51   1:33   2:39 
Sergei Zubov             1  1  2  -1  0   1  2  4  3  1  0/0    27:19   4:46   1:15 
Teemu Selanne            0  1  1   1  2   1  0  0  0  0  0/0    22:00   3:22   1:03 
Vladimir Orszagh         0  0  0   0  0   1  1  0  1  0  0/0     8:07   0:00   0:00 

3 Stars

1 - Anze Kopitar (NJD)
2 - Sergei Zubov (NJD)
3 - Henrik Zetterberg (NJD)

Power Play

Red Wings - 0 on 2 Attempt(s) - 0,00%
Devils - 1 on 4 Attempt(s) - 25,00%

Penalty Kill

Red Wings - 3 on 4 Attempt(s) - 75,00% - Score 0 goal in Penalty Kill
Devils - 2 on 2 Attempt(s) - 100,00% - Score 0 goal in Penalty Kill

Official

Referees : Walkom Stephen and Watson Brad
Linesman : Mark Shewchyk and Derek Amell

Game Notes

18:17 of 2nd period - Red Wings goal is going for a video replay. After video review, No Goal. The goalkeeper has been pushed into the net together with the puck after making a save.

Finance

Level 1 -- Attendance: 4016 (66,93%) -- Ticket Income 441 760 $
Level 2 -- Attendance: 3503 (70,06%) -- Ticket Income 210 180 $
Level 3 -- Attendance: 1243 (62,15%) -- Ticket Income 49 720 $
Level 4 -- Attendance: 2412 (60,30%) -- Ticket Income 60 300 $
Luxury Box -- Attendance: 517 (51,70%) -- Ticket Income 129 250 $
Total Attendance: 11691 (64,95%)
Total Ticket Income: 891 210 $
Total Income: 891 210 $

Red Wings

5 vs 5 Forward 
   Center                   Left Wing                Right Wing               Time % Phy DF OF 
 1 Martin Straka            Sean Bergenheim          Jarome Iginla            40     1   2  2  
 2 Jan Bulis                Peter Schaefer           Antti Miettinen          28     1   2  2  
 3 Mike Richards            Donald Brashear          Lubos Bartecko           27     1   2  2  
 4 Brian Sutherby           Marcel Hossa             Mathieu Dandenault       5      1   2  2  

5 vs 5 Defense 
   Defense                  Defense                                           Time % Phy DF OF 
 1 Kim Johnsson             Paul Martin                                       40     1   2  2  
 2 Shea Weber               Maxim Kondratiev                                  35     1   2  2  
 3 Christian Backman        Brian Pothier                                     15     1   2  2  
 4 Kim Johnsson             Paul Martin                                       10     1   2  2  

PowerPlay Forward 
   Center                   Left Wing                Right Wing               Time % Phy DF OF 
 1 Martin Straka            Sean Bergenheim          Jarome Iginla            60     1   2  2  
 2 Mike Richards            Donald Brashear          Antti Miettinen          40     1   2  2  

PowerPlay Defense
   Defense                  Defense                                           Time % Phy DF OF 
 1 Kim Johnsson             Paul Martin                                       60     1   2  2  
 2 Shea Weber               Brian Pothier                                     40     1   2  2  

Penalty Kill 4 Players Forward 
   Center                   Wing                     Time % Phy DF OF 
 1 Brian Sutherby           Jarome Iginla            60     1   2  2  
 2 Jan Bulis                Mathieu Dandenault       40     1   2  2  

Penalty Kill 4 Players Defense
   Defense                  Defense                  Time % Phy DF OF 
 1 Kim Johnsson             Shea Weber               60     1   2  2  
 2 Christian Backman        Maxim Kondratiev         40     1   2  2  

Penalty Kill - 3 Players Forward 
   Forward                                           Time % Phy DF OF 
 1 Brian Sutherby                                    60     1   2  2  
 2 Jan Bulis                                         40     1   2  2  

Penalty Kill - 3 Players Defense
   Defense                  Defense                  Time % Phy DF OF 
 1 Kim Johnsson             Shea Weber               60     1   2  2  
 2 Christian Backman        Maxim Kondratiev         40     1   2  2  

4 vs 4 Forward 
   Center                   Wing                     Time % Phy DF OF 
 1 Martin Straka            Jarome Iginla            60     1   2  2  
 2 Jan Bulis                Antti Miettinen          40     1   2  2  

4 vs 4 Defense
   Defense                  Defense                  Time % Phy DF OF 
 1 Kim Johnsson             Paul Martin              60     1   2  2  
 2 Shea Weber               Maxim Kondratiev         40     1   2  2  

Last Minutes Offensive
   Center                   Left Wing                Right Wing               Defense                  Defense                  
   Martin Straka            Sean Bergenheim          Jarome Iginla            Kim Johnsson             Paul Martin              

Last Minutes Defensive
   Center                   Left Wing                Right Wing               Defense                  Defense                  
   Jan Bulis                Peter Schaefer           Jarome Iginla            Kim Johnsson             Shea Weber               

Goaltenders
Starting : Mike Smith               
Backup : Jonathan Quick           

Extra Forwards
Normal : Martin Straka, Jarome Iginla, Jan Bulis - PP : Martin Straka, Jarome Iginla - PK : Antti Miettinen
Extra Defensemen
Normal : Shea Weber, Paul Martin, Kim Johnsson - PP : Shea Weber - PK : Christian Backman, Maxim Kondratiev
Penalty Shots
Jarome Iginla, Mike Richards, Antti Miettinen, Peter Schaefer, Brian Sutherby

Devils

5 vs 5 Forward 
   Center                   Left Wing                Right Wing               Time % Phy DF OF 
 1 Anze Kopitar             Ramzi Abid               Teemu Selanne            40     0   2  3  
 2 Doug Weight              Henrik Zetterberg        Marian Hossa             30     0   2  3  
 3 Olli Jokinen             Chris Kunitz             Peter Prucha             20     0   2  3  
 4 Jason Williams           Vladimir Orszagh         Radek Dvorak             10     0   3  2  

5 vs 5 Defense 
   Defense                  Defense                                           Time % Phy DF OF 
 1 Sergei Zubov             Ben Lovejoy                                       40     1   2  2  
 2 Chris Pronger            Roman Hamrlik                                     30     1   2  2  
 3 Richard Matvichuk        Boris Mironov                                     20     1   2  2  
 4 Roman Hamrlik            Chris Pronger                                     10     1   2  2  

PowerPlay Forward 
   Center                   Left Wing                Right Wing               Time % Phy DF OF 
 1 Anze Kopitar             Henrik Zetterberg        Teemu Selanne            60     0   1  4  
 2 Doug Weight              Ramzi Abid               Marian Hossa             40     0   1  4  

PowerPlay Defense
   Defense                  Defense                                           Time % Phy DF OF 
 1 Sergei Zubov             Ben Lovejoy                                       60     1   2  2  
 2 Chris Pronger            Roman Hamrlik                                     40     1   2  2  

Penalty Kill 4 Players Forward 
   Center                   Wing                     Time % Phy DF OF 
 1 Doug Weight              Teemu Selanne            60     0   3  2  
 2 Anze Kopitar             Marian Hossa             40     0   3  2  

Penalty Kill 4 Players Defense
   Defense                  Defense                  Time % Phy DF OF 
 1 Chris Pronger            Roman Hamrlik            60     0   4  1  
 2 Richard Matvichuk        Sergei Zubov             40     0   4  1  

Penalty Kill - 3 Players Forward 
   Forward                                           Time % Phy DF OF 
 1 Anze Kopitar                                      60     1   2  2  
 2 Olli Jokinen                                      40     1   2  2  

Penalty Kill - 3 Players Defense
   Defense                  Defense                  Time % Phy DF OF 
 1 Sergei Zubov             Roman Hamrlik            60     1   3  1  
 2 Chris Pronger            Richard Matvichuk        40     1   3  1  

4 vs 4 Forward 
   Center                   Wing                     Time % Phy DF OF 
 1 Olli Jokinen             Marian Hossa             60     1   2  2  
 2 Anze Kopitar             Teemu Selanne            40     1   2  2  

4 vs 4 Defense
   Defense                  Defense                  Time % Phy DF OF 
 1 Sergei Zubov             Ben Lovejoy              60     1   2  2  
 2 Chris Pronger            Richard Matvichuk        40     1   2  2  

Last Minutes Offensive
   Center                   Left Wing                Right Wing               Defense                  Defense                  
   Anze Kopitar             Henrik Zetterberg        Marian Hossa             Sergei Zubov             Chris Pronger            

Last Minutes Defensive
   Center                   Left Wing                Right Wing               Defense                  Defense                  
   Anze Kopitar             Henrik Zetterberg        Marian Hossa             Sergei Zubov             Chris Pronger            

Goaltenders
Starting : Dan Ellis                
Backup : Jimmy Howard             

Extra Forwards
Normal : Olli Jokinen, Vladimir Orszagh, Peter Prucha - PP : Olli Jokinen, Peter Prucha - PK : Henrik Zetterberg
Extra Defensemen
Normal : Richard Matvichuk, Ben Lovejoy, Roman Hamrlik - PP : Richard Matvichuk - PK : Ben Lovejoy, Richard Matvichuk
Penalty Shots
Anze Kopitar, Marian Hossa, Ramzi Abid, Teemu Selanne, Henrik Zetterberg

% Time on Ice - Red Wings

Lines # - Real PCT - Wanted PCT - Time Play
Normal Forward
1 - 34% - 40% - 16:14
2 - 26% - 28% - 12:46
3 - 27% - 27% - 12:50
4 - 14% - 5% - 6:35
Normal Defense
1 - 42% - 40% - 20:25
2 - 38% - 35% - 18:21
3 - 15% - 15% - 7:16
4 - 5% - 10% - 2:23
PP Forward
1 - 56% - 60% - 2:13
2 - 44% - 40% - 1:45
PP Defense
1 - 63% - 60% - 2:30
2 - 37% - 40% - 1:28
PK Forward
1 - 68% - 60% - 4:43
2 - 32% - 40% - 2:13
PK Defense
1 - 57% - 60% - 3:56
2 - 43% - 40% - 3:00
PK3 Forward
1 - 0% - 60%
2 - 0% - 40%
PK3 Defense
1 - 0% - 60%
2 - 0% - 40%
44 Forward
1 - 0% - 60%
2 - 0% - 40%
44 Defense
1 - 0% - 60%
2 - 0% - 40%
Last Minute Offensive  - 0:41
Last Minute Defensive  - 0:00
Total
Forward - 60:00
Defense - 60:00

% Time on Ice - Devils

Lines # - Real PCT - Wanted PCT - Time Play
Normal Forward
1 - 36% - 40% - 17:36
2 - 27% - 30% - 13:08
3 - 20% - 20% - 9:34
4 - 17% - 10% - 8:07
Normal Defense
1 - 42% - 40% - 20:31
2 - 29% - 30% - 14:15
3 - 21% - 20% - 10:21
4 - 7% - 10% - 3:18
PP Forward
1 - 60% - 60% - 4:11
2 - 40% - 40% - 2:45
PP Defense
1 - 69% - 60% - 4:46
2 - 31% - 40% - 2:10
PK Forward
1 - 85% - 60% - 3:23
2 - 15% - 40% - 0:35
PK Defense
1 - 68% - 60% - 2:43
2 - 32% - 40% - 1:15
PK3 Forward
1 - 0% - 60%
2 - 0% - 40%
PK3 Defense
1 - 0% - 60%
2 - 0% - 40%
44 Forward
1 - 0% - 60%
2 - 0% - 40%
44 Defense
1 - 0% - 60%
2 - 0% - 40%
Last Minute Offensive  - 0:00
Last Minute Defensive  - 0:41
Total
Forward - 60:00
Defense - 60:00

Play by Play

1st period


0:01 of 1st period - Anze Kopitar wins face-off versus Martin Straka in neutral zone.
0:48 of 1st period - Paul Martin is hit by Vladimir Orszagh and loses puck.
2:24 of 1st period - Snap shot by Mathieu Dandenault.
2:24 of 1st period - Shot Misses the Net.
2:44 of 1st period - Snap shot by Olli Jokinen.
2:44 of 1st period - Stopped by Mike Smith without a rebound.
2:45 of 1st period - Anze Kopitar wins face-off versus Martin Straka in Red Wings zone.
2:46 of 1st period - Snap shot by Ramzi Abid.
2:46 of 1st period - Shot Misses the Net.
2:48 of 1st period - Slapshot by Anze Kopitar.
2:48 of 1st period - Stopped by Mike Smith with a rebound.
2:50 of 1st period - Snap shot by Ramzi Abid.
2:50 of 1st period - Shot Misses the Net.
3:41 of 1st period - Slapshot by Sergei Zubov.
3:41 of 1st period - Deflect By Peter Prucha.
3:41 of 1st period - Stopped by Mike Smith without a rebound.
3:42 of 1st period - Martin Straka wins face-off versus Anze Kopitar in Red Wings zone.
4:00 of 1st period - Icing by Paul Martin.
4:01 of 1st period - Doug Weight wins face-off versus Martin Straka in Red Wings zone.
4:48 of 1st period - Snap shot by Sergei Zubov.
4:48 of 1st period - Shot Misses the Net.
4:50 of 1st period - Snap shot by Peter Prucha.
4:50 of 1st period - Stopped by Mike Smith without a rebound.
4:51 of 1st period - Doug Weight wins face-off versus Jan Bulis in Red Wings zone.
4:54 of 1st period - Wrist shot by Henrik Zetterberg.
4:54 of 1st period - Stopped by Mike Smith without a rebound.
4:55 of 1st period - Doug Weight wins face-off versus Martin Straka in Red Wings zone.
5:12 of 1st period - Doug Weight is hit by Sean Bergenheim and loses puck.
6:16 of 1st period - Icing by Richard Matvichuk.
6:17 of 1st period - Martin Straka wins face-off versus Jason Williams in Devils zone.
6:24 of 1st period - Wrist shot by Jarome Iginla.
6:24 of 1st period - Stopped by Dan Ellis without a rebound.
6:25 of 1st period - Anze Kopitar wins face-off versus Martin Straka in Devils zone.
6:57 of 1st period - Slapshot by Maxim Kondratiev.
6:57 of 1st period - Deflect By Sean Bergenheim.
6:57 of 1st period - Deflect By Chris Pronger.
6:57 of 1st period - Stopped by Dan Ellis without a rebound.
6:58 of 1st period - Mike Richards wins face-off versus Anze Kopitar in Devils zone.
7:01 of 1st period - Snap shot by Lubos Bartecko.
7:01 of 1st period - Shot Misses the Net.
7:04 of 1st period - Icing by Anze Kopitar.
7:05 of 1st period - Anze Kopitar wins face-off versus Mike Richards in Devils zone.
7:13 of 1st period - Slapshot by Richard Matvichuk.
7:13 of 1st period - Stopped by Mike Smith without a rebound.
7:14 of 1st period - Martin Straka wins face-off versus Anze Kopitar in Red Wings zone.
7:48 of 1st period - Double Minor Penalty to Donald Brashear for High sticking.
7:49 of 1st period - Anze Kopitar wins face-off versus Brian Sutherby in Red Wings zone.
7:58 of 1st period - Wrist shot by Henrik Zetterberg.
7:58 of 1st period - Deflect By Jarome Iginla.
7:58 of 1st period - Shot Misses the Net.
7:58 of 1st period - Puck is out of play.
7:59 of 1st period - Anze Kopitar wins face-off versus Brian Sutherby in Red Wings zone.
8:00 of 1st period - Slapshot by Henrik Zetterberg.
8:00 of 1st period - Deflect By Kim Johnsson.
8:00 of 1st period - Shot Misses the Net.
8:00 of 1st period - Puck is out of play.
8:01 of 1st period - Anze Kopitar wins face-off versus Brian Sutherby in Red Wings zone.
8:06 of 1st period - Wrist shot by Henrik Zetterberg.
8:06 of 1st period - Stopped by Mike Smith without a rebound.
8:07 of 1st period - Anze Kopitar wins face-off versus Brian Sutherby in Red Wings zone.
11:48 of 1st period - Penalty to Donald Brashear is over, Donald Brashear is back on ice.
12:20 of 1st period - Chris Pronger is hit by Jan Bulis and loses puck.
12:35 of 1st period - Roman Hamrlik is hit by Sean Bergenheim and loses puck.
13:10 of 1st period - Mathieu Dandenault is hit by Sergei Zubov and loses puck.
13:33 of 1st period - Wrist shot by Marian Hossa.
13:33 of 1st period - Stopped by Mike Smith without a rebound.
13:34 of 1st period - Anze Kopitar wins face-off versus Martin Straka in Red Wings zone.
14:03 of 1st period - Doug Weight is hit by Peter Schaefer and loses puck.
14:18 of 1st period - Marian Hossa is hit by Paul Martin and loses puck.
14:32 of 1st period - Richard Matvichuk is hit by Lubos Bartecko.
15:36 of 1st period - Snap shot by Henrik Zetterberg.
15:36 of 1st period - Deflect By Marian Hossa.
15:36 of 1st period - Stopped by Mike Smith without a rebound.
15:37 of 1st period - Mike Richards wins face-off versus Anze Kopitar in Red Wings zone.
15:37 of 1st period - Mike Richards is hit by Ramzi Abid.
15:52 of 1st period - Off-side.
15:53 of 1st period - Doug Weight wins face-off versus Jarome Iginla in neutral zone.
15:57 of 1st period - Minor Penalty to Maxim Kondratiev for Tripping.
15:58 of 1st period - Anze Kopitar wins face-off versus Brian Sutherby in Red Wings zone.
16:11 of 1st period - Anze Kopitar is hit by Brian Sutherby and loses puck.
16:25 of 1st period - Icing by Doug Weight.
16:26 of 1st period - Doug Weight wins face-off versus Jan Bulis in Devils zone.
16:31 of 1st period - Slapshot by Sergei Zubov.
16:31 of 1st period - Shot Blocked by Christian Backman.
16:33 of 1st period - Slapshot by Ben Lovejoy.
16:33 of 1st period - Stopped by Mike Smith without a rebound.
16:34 of 1st period - Anze Kopitar wins face-off versus Brian Sutherby in Red Wings zone.
16:51 of 1st period - Wrist shot by Henrik Zetterberg.
16:51 of 1st period - Stopped by Mike Smith with a rebound.
17:11 of 1st period - Slapshot by Marian Hossa.
17:11 of 1st period - Deflect By Ramzi Abid.
17:11 of 1st period - Shot Misses the Net.
17:11 of 1st period - Puck is out of play.
17:12 of 1st period - Jan Bulis wins face-off versus Anze Kopitar in Red Wings zone.
17:57 of 1st period - Penalty to Maxim Kondratiev is over, Maxim Kondratiev is back on ice.
18:02 of 1st period - Off-side.
18:03 of 1st period - Donald Brashear wins face-off versus Olli Jokinen in neutral zone.
18:08 of 1st period - Slapshot by Lubos Bartecko.
18:08 of 1st period - Shot Blocked by Roman Hamrlik.
18:54 of 1st period - Snap shot by Antti Miettinen.
18:54 of 1st period - Stopped by Dan Ellis without a rebound.
18:55 of 1st period - Anze Kopitar wins face-off versus Jan Bulis in Devils zone.
18:59 of 1st period - Minor Penalty to Teemu Selanne for Slashing.
19:00 of 1st period - Martin Straka wins face-off versus Doug Weight in Devils zone.
19:15 of 1st period - Wrist shot by Martin Straka.
19:15 of 1st period - Stopped by Dan Ellis without a rebound.
19:16 of 1st period - Doug Weight wins face-off versus Martin Straka in Devils zone.
19:25 of 1st period - Snap shot by Roman Hamrlik.
19:25 of 1st period - Stopped by Mike Smith with a rebound.

2nd period


0:01 of 2nd period - Martin Straka wins face-off versus Doug Weight in neutral zone.
0:26 of 2nd period - Doug Weight is hit by Donald Brashear and loses puck.
0:33 of 2nd period - Snap shot by Antti Miettinen.
0:33 of 2nd period - Shot Blocked by Chris Kunitz.
0:59 of 2nd period - Penalty to Teemu Selanne is over, Teemu Selanne is back on ice.
1:34 of 2nd period - Wrist shot by Mike Richards.
1:34 of 2nd period - Stopped by Dan Ellis with a rebound.
2:20 of 2nd period - Off-side.
2:21 of 2nd period - Martin Straka wins face-off versus Olli Jokinen in neutral zone.
2:50 of 2nd period - Wrist shot by Martin Straka.
2:50 of 2nd period - Shot Blocked by Roman Hamrlik.
2:52 of 2nd period - Slapshot by Christian Backman.
2:52 of 2nd period - Stopped by Dan Ellis with a rebound.
2:54 of 2nd period - Snap shot by Sean Bergenheim.
2:54 of 2nd period - Shot Misses the Net.
2:56 of 2nd period - Snap shot by Martin Straka.
2:56 of 2nd period - Shot Hit the Post.
2:58 of 2nd period - Snap shot by Sean Bergenheim.
2:58 of 2nd period - Shot Misses the Net.
3:00 of 2nd period - Snap shot by Martin Straka.
3:00 of 2nd period - Shot Misses the Net.
3:02 of 2nd period - Slapshot by Jarome Iginla.
3:02 of 2nd period - Deflect By Chris Kunitz.
3:02 of 2nd period - Stopped by Dan Ellis with a rebound.
3:16 of 2nd period - Chris Kunitz is hit by Sean Bergenheim and loses puck.
3:43 of 2nd period - Wrist shot by Chris Kunitz.
3:43 of 2nd period - Shot Blocked by Kim Johnsson.
3:45 of 2nd period - Wrist shot by Olli Jokinen.
3:45 of 2nd period - Stopped by Mike Smith with a rebound.
3:47 of 2nd period - Snap shot by Chris Kunitz.
3:47 of 2nd period - Stopped by Mike Smith with a rebound.
3:49 of 2nd period - Snap shot by Chris Kunitz.
3:49 of 2nd period - Shot Misses the Net.
3:51 of 2nd period - Slapshot by Boris Mironov.
3:51 of 2nd period - Deflect By Chris Kunitz.
3:51 of 2nd period - Stopped by Mike Smith with a rebound.
3:53 of 2nd period - Slapshot by Sergei Zubov.
3:53 of 2nd period - Shot Blocked by Paul Martin.
3:55 of 2nd period - Slapshot by Olli Jokinen.
3:55 of 2nd period - Stopped by Mike Smith without a rebound.
3:56 of 2nd period - Jan Bulis wins face-off versus Anze Kopitar in Red Wings zone.
4:01 of 2nd period - Ben Lovejoy is hit by Peter Schaefer and loses puck.
4:12 of 2nd period - Snap shot by Jan Bulis.
4:12 of 2nd period - Stopped by Dan Ellis with a rebound.
4:26 of 2nd period - Ben Lovejoy is hit by Maxim Kondratiev and loses puck.
4:43 of 2nd period - Icing by Vladimir Orszagh.
4:44 of 2nd period - Jason Williams wins face-off versus Brian Sutherby in Devils zone.
5:24 of 2nd period - Snap shot by Marcel Hossa.
5:24 of 2nd period - Stopped by Dan Ellis without a rebound.
5:25 of 2nd period - Jan Bulis wins face-off versus Anze Kopitar in Devils zone.
5:26 of 2nd period - Snap shot by Peter Schaefer.
5:26 of 2nd period - Shot Misses the Net.
5:50 of 2nd period - Chris Pronger is hit by Paul Martin.
6:30 of 2nd period - Ramzi Abid is hit by Peter Schaefer and loses puck.
7:59 of 2nd period - Slapshot by Jason Williams.
7:59 of 2nd period - Shot Misses the Net.
8:01 of 2nd period - Slapshot by Boris Mironov.
8:01 of 2nd period - Shot Misses the Net.
8:03 of 2nd period - Wrist shot by Vladimir Orszagh.
8:03 of 2nd period - Shot Misses the Net.
8:05 of 2nd period - Slapshot by Jason Williams.
8:05 of 2nd period - Shot Misses the Net.
8:07 of 2nd period - Snap shot by Ben Lovejoy.
8:07 of 2nd period - Stopped by Mike Smith with a rebound.
8:09 of 2nd period - Snap shot by Jason Williams.
8:09 of 2nd period - Shot Misses the Net.
8:15 of 2nd period - Slapshot by Sergei Zubov.
8:15 of 2nd period - Deflect By Jason Williams.
8:15 of 2nd period - Stopped by Mike Smith without a rebound.
8:16 of 2nd period - Anze Kopitar wins face-off versus Martin Straka in Red Wings zone.
9:10 of 2nd period - Off-side.
9:11 of 2nd period - Martin Straka wins face-off versus Doug Weight in neutral zone.
9:16 of 2nd period - Icing by Chris Pronger.
9:17 of 2nd period - Marian Hossa wins face-off versus Martin Straka in Devils zone.
9:23 of 2nd period - Off-side.
9:24 of 2nd period - Martin Straka wins face-off versus Anze Kopitar in neutral zone.
9:37 of 2nd period - Paul Martin is hit by Anze Kopitar and loses puck.
10:34 of 2nd period - Wrist shot by Peter Prucha.
10:34 of 2nd period - Stopped by Mike Smith with a rebound.
10:56 of 2nd period - Slapshot by Teemu Selanne.
10:56 of 2nd period - Shot Misses the Net.
10:58 of 2nd period - Wrist shot by Ramzi Abid.
10:58 of 2nd period - Stopped by Mike Smith with a rebound.
11:00 of 2nd period - Snap shot by Anze Kopitar.
11:00 of 2nd period - Stopped by Mike Smith without a rebound.
11:01 of 2nd period - Doug Weight wins face-off versus Jarome Iginla in Red Wings zone.
11:33 of 2nd period - Snap shot by Teemu Selanne.
11:33 of 2nd period - Shot Misses the Net.
12:11 of 2nd period - Wrist shot by Marcel Hossa.
12:11 of 2nd period - Goal by Marcel Hossa - Red Wings : 1 - Devils : 0.
12:12 of 2nd period - Martin Straka wins face-off versus Anze Kopitar in neutral zone.
12:15 of 2nd period - Slapshot by Paul Martin.
12:15 of 2nd period - Deflect By Teemu Selanne.
12:15 of 2nd period - Stopped by Dan Ellis with a rebound.
12:17 of 2nd period - Snap shot by Kim Johnsson.
12:17 of 2nd period - Deflect By Jarome Iginla.
12:17 of 2nd period - Stopped by Dan Ellis with a rebound.
12:42 of 2nd period - Slapshot by Shea Weber.
12:42 of 2nd period - Deflect By Marian Hossa.
12:42 of 2nd period - Stopped by Dan Ellis with a rebound.
12:44 of 2nd period - Slapshot by Maxim Kondratiev.
12:44 of 2nd period - Stopped by Dan Ellis without a rebound.
12:45 of 2nd period - Doug Weight wins face-off versus Martin Straka in Devils zone.
13:36 of 2nd period - Wrist shot by Mike Richards.
13:36 of 2nd period - Shot Misses the Net.
13:38 of 2nd period - Snap shot by Lubos Bartecko.
13:38 of 2nd period - Stopped by Dan Ellis without a rebound.
13:39 of 2nd period - Anze Kopitar wins face-off versus Martin Straka in Devils zone.
13:39 of 2nd period - Anze Kopitar is hit by Jarome Iginla.
13:49 of 2nd period - Wrist shot by Jarome Iginla.
13:49 of 2nd period - Shot Misses the Net.
13:51 of 2nd period - Wrist shot by Sean Bergenheim.
13:51 of 2nd period - Shot Blocked by Sergei Zubov.
13:53 of 2nd period - Snap shot by Kim Johnsson.
13:53 of 2nd period - Shot Blocked by Sergei Zubov.
13:55 of 2nd period - Snap shot by Kim Johnsson.
13:55 of 2nd period - Deflect By Sean Bergenheim.
13:55 of 2nd period - Goal by Sean Bergenheim - Red Wings : 2 - Devils : 0.
13:56 of 2nd period - Martin Straka wins face-off versus Anze Kopitar in neutral zone.
15:21 of 2nd period - Slapshot by Teemu Selanne.
15:21 of 2nd period - Deflect By Anze Kopitar.
15:21 of 2nd period - Goal by Anze Kopitar - Red Wings : 2 - Devils : 1.
15:22 of 2nd period - Anze Kopitar wins face-off versus Martin Straka in neutral zone.
15:27 of 2nd period - Wrist shot by Anze Kopitar.
15:27 of 2nd period - Stopped by Mike Smith with a rebound.
15:49 of 2nd period - Ben Lovejoy is hit by Jan Bulis and loses puck.
15:58 of 2nd period - Boris Mironov is hit by Jan Bulis.
16:14 of 2nd period - Slapshot by Shea Weber.
16:14 of 2nd period - Stopped by Dan Ellis without a rebound.
16:15 of 2nd period - Mike Richards wins face-off versus Anze Kopitar in Devils zone.
16:16 of 2nd period - Slapshot by Lubos Bartecko.
16:16 of 2nd period - Stopped by Dan Ellis with a rebound.
16:28 of 2nd period - Snap shot by Teemu Selanne.
16:28 of 2nd period - Stopped by Mike Smith with a rebound.
16:30 of 2nd period - Wrist shot by Anze Kopitar.
16:30 of 2nd period - Shot Blocked by Donald Brashear.
16:42 of 2nd period - Doug Weight is hit by Paul Martin and loses puck.
17:05 of 2nd period - Slapshot by Ben Lovejoy.
17:05 of 2nd period - Stopped by Mike Smith with a rebound.
17:11 of 2nd period - Chris Kunitz is hit by Antti Miettinen and loses puck.
17:32 of 2nd period - Ramzi Abid is hit by Marcel Hossa and loses puck.
18:15 of 2nd period - Snap shot by Jarome Iginla.
18:15 of 2nd period - Shot Misses the Net.
18:17 of 2nd period - Slapshot by Maxim Kondratiev.
18:17 of 2nd period - Deflect By Jarome Iginla.
18:17 of 2nd period - Red Wings goal is going for a video replay.
18:17 of 2nd period - The goal is refused. The goalkeeper has been pushed into the net together with the puck after making a save..
18:18 of 2nd period - Anze Kopitar wins face-off versus Peter Schaefer in Devils zone.
18:29 of 2nd period - Wrist shot by Anze Kopitar.
18:29 of 2nd period - Shot Misses the Net.
18:31 of 2nd period - Snap shot by Anze Kopitar.
18:31 of 2nd period - Shot Blocked by Kim Johnsson.
18:33 of 2nd period - Slapshot by Chris Pronger.
18:33 of 2nd period - Deflect By Ramzi Abid.
18:33 of 2nd period - Shot Misses the Net.
18:33 of 2nd period - Puck is out of play.
18:34 of 2nd period - Doug Weight wins face-off versus Martin Straka in Red Wings zone.
18:48 of 2nd period - Icing by Chris Pronger.
18:49 of 2nd period - Doug Weight wins face-off versus Mike Richards in Devils zone.
19:24 of 2nd period - Teemu Selanne is hit by Martin Straka and loses puck.
19:43 of 2nd period - Slapshot by Shea Weber.
19:43 of 2nd period - Stopped by Dan Ellis with a rebound.
19:45 of 2nd period - Snap shot by Peter Schaefer.
19:45 of 2nd period - Deflect By Chris Kunitz.
19:45 of 2nd period - Stopped by Dan Ellis without a rebound.
19:46 of 2nd period - Mike Richards wins face-off versus Doug Weight in Devils zone.
19:47 of 2nd period - Snap shot by Lubos Bartecko.
19:47 of 2nd period - Shot Misses the Net.
19:57 of 2nd period - Slapshot by Sergei Zubov.
19:57 of 2nd period - Shot Blocked by Shea Weber.
19:59 of 2nd period - Wrist shot by Marian Hossa.
19:59 of 2nd period - Stopped by Mike Smith without a rebound.

3rd period


0:01 of 3rd period - Anze Kopitar wins face-off versus Jarome Iginla in neutral zone.
0:04 of 3rd period - Kim Johnsson is hit by Sergei Zubov and loses puck.
0:27 of 3rd period - Icing by Marian Hossa.
0:28 of 3rd period - Doug Weight wins face-off versus Jan Bulis in Devils zone.
0:30 of 3rd period - Icing by Marian Hossa.
0:31 of 3rd period - Doug Weight wins face-off versus Jan Bulis in Devils zone.
1:00 of 3rd period - Sergei Zubov is hit by Peter Schaefer and loses puck.
1:09 of 3rd period - Wrist shot by Marian Hossa.
1:09 of 3rd period - Shot Blocked by Jan Bulis.
1:11 of 3rd period - Slapshot by Henrik Zetterberg.
1:11 of 3rd period - Shot Misses the Net.
1:13 of 3rd period - Slapshot by Ben Lovejoy.
1:13 of 3rd period - Shot Hit the Post.
1:15 of 3rd period - Backhand shot by Marian Hossa.
1:15 of 3rd period - Shot Misses the Net.
1:17 of 3rd period - Slapshot by Sergei Zubov.
1:17 of 3rd period - Deflect By Henrik Zetterberg.
1:17 of 3rd period - Stopped by Mike Smith without a rebound.
1:18 of 3rd period - Martin Straka wins face-off versus Anze Kopitar in Red Wings zone.
1:50 of 3rd period - Wrist shot by Jason Williams.
1:50 of 3rd period - Stopped by Mike Smith with a rebound.
1:52 of 3rd period - Snap shot by Radek Dvorak.
1:52 of 3rd period - Stopped by Mike Smith with a rebound.
1:54 of 3rd period - Snap shot by Vladimir Orszagh.
1:54 of 3rd period - Stopped by Mike Smith without a rebound.
1:55 of 3rd period - Mike Richards wins face-off versus Anze Kopitar in Red Wings zone.
2:10 of 3rd period - Snap shot by Lubos Bartecko.
2:10 of 3rd period - Deflect By Mike Richards.
2:10 of 3rd period - Shot Blocked by Ben Lovejoy.
2:10 of 3rd period - Puck is out of play.
2:11 of 3rd period - Antti Miettinen wins face-off versus Doug Weight in Devils zone.
2:13 of 3rd period - Minor Penalty to Ben Lovejoy for Hooking.
2:14 of 3rd period - Doug Weight wins face-off versus Martin Straka in Devils zone.
2:42 of 3rd period - Doug Weight is hit by Mike Richards and loses puck.
4:13 of 3rd period - Penalty to Ben Lovejoy is over, Ben Lovejoy is back on ice.
4:20 of 3rd period - Boris Mironov is hit by Shea Weber.
4:24 of 3rd period - Shea Weber is hit by Ben Lovejoy and loses puck.
4:49 of 3rd period - Peter Schaefer is hit by Boris Mironov and loses puck.
5:30 of 3rd period - Icing by Chris Pronger.
5:31 of 3rd period - Jason Williams wins face-off versus Martin Straka in Devils zone.
5:38 of 3rd period - Snap shot by Jason Williams.
5:38 of 3rd period - Stopped by Mike Smith without a rebound.
5:39 of 3rd period - Mike Richards wins face-off versus Anze Kopitar in Red Wings zone.
5:54 of 3rd period - Snap shot by Anze Kopitar.
5:54 of 3rd period - Shot Misses the Net.
6:11 of 3rd period - Snap shot by Lubos Bartecko.
6:11 of 3rd period - Stopped by Dan Ellis without a rebound.
6:12 of 3rd period - Martin Straka wins face-off versus Anze Kopitar in Devils zone.
6:37 of 3rd period - Marian Hossa is hit by Jan Bulis and loses puck.
6:48 of 3rd period - Wrist shot by Peter Schaefer.
6:48 of 3rd period - Deflect By Antti Miettinen.
6:48 of 3rd period - Shot Misses the Net.
6:48 of 3rd period - Puck is out of play.
6:49 of 3rd period - Anze Kopitar wins face-off versus Mike Richards in Devils zone.
6:54 of 3rd period - Snap shot by Anze Kopitar.
6:54 of 3rd period - Stopped by Mike Smith with a rebound.
6:57 of 3rd period - Icing by Kim Johnsson.
6:58 of 3rd period - Mike Richards wins face-off versus Anze Kopitar in Red Wings zone.
7:02 of 3rd period - Off-side.
7:03 of 3rd period - Anze Kopitar wins face-off versus Jarome Iginla in neutral zone.
7:14 of 3rd period - Slapshot by Paul Martin.
7:14 of 3rd period - Deflect By Ramzi Abid.
7:14 of 3rd period - Stopped by Dan Ellis without a rebound.
7:15 of 3rd period - Anze Kopitar wins face-off versus Martin Straka in Devils zone.
8:05 of 3rd period - Wrist shot by Anze Kopitar.
8:05 of 3rd period - Shot Misses the Net.
8:08 of 3rd period - Icing by Paul Martin.
8:09 of 3rd period - Mike Richards wins face-off versus Doug Weight in Red Wings zone.
9:37 of 3rd period - Icing by Boris Mironov.
9:38 of 3rd period - Martin Straka wins face-off versus Doug Weight in Devils zone.
9:53 of 3rd period - Brian Pothier is hit by Doug Weight.
9:57 of 3rd period - Martin Straka is hit by Henrik Zetterberg and loses puck.
10:13 of 3rd period - Off-side.
10:14 of 3rd period - Jan Bulis wins face-off versus Anze Kopitar in neutral zone.
10:17 of 3rd period - Wrist shot by Antti Miettinen.
10:17 of 3rd period - Shot Misses the Net.
10:19 of 3rd period - Snap shot by Shea Weber.
10:19 of 3rd period - Stopped by Dan Ellis without a rebound.
10:20 of 3rd period - Jan Bulis wins face-off versus Anze Kopitar in Devils zone.
10:21 of 3rd period - Wrist shot by Peter Schaefer.
10:21 of 3rd period - Stopped by Dan Ellis with a rebound.
10:23 of 3rd period - Slapshot by Maxim Kondratiev.
10:23 of 3rd period - Stopped by Dan Ellis with a rebound.
10:25 of 3rd period - Wrist shot by Jan Bulis.
10:25 of 3rd period - Stopped by Dan Ellis with a rebound.
10:27 of 3rd period - Snap shot by Shea Weber.
10:27 of 3rd period - Deflect By Antti Miettinen.
10:27 of 3rd period - Stopped by Dan Ellis without a rebound.
10:28 of 3rd period - Martin Straka wins face-off versus Anze Kopitar in Devils zone.
11:14 of 3rd period - Chris Pronger is hit by Lubos Bartecko and loses puck.
12:42 of 3rd period - Wrist shot by Lubos Bartecko.
12:42 of 3rd period - Stopped by Dan Ellis with a rebound.
12:50 of 3rd period - Slapshot by Radek Dvorak.
12:50 of 3rd period - Deflect By Jason Williams.
12:50 of 3rd period - Stopped by Mike Smith without a rebound.
12:51 of 3rd period - Jan Bulis wins face-off versus Anze Kopitar in Red Wings zone.
13:16 of 3rd period - Wrist shot by Henrik Zetterberg.
13:16 of 3rd period - Goal by Henrik Zetterberg - Red Wings : 2 - Devils : 2.
13:17 of 3rd period - Anze Kopitar wins face-off versus Martin Straka in neutral zone.
13:42 of 3rd period - Snap shot by Antti Miettinen.
13:42 of 3rd period - Shot Blocked by Sergei Zubov.
13:54 of 3rd period - Minor Penalty to Lubos Bartecko for Boarding.
13:55 of 3rd period - Brian Sutherby wins face-off versus Anze Kopitar in Red Wings zone.
14:52 of 3rd period - Slapshot by Sergei Zubov.
14:52 of 3rd period - Goal by Sergei Zubov - Red Wings : 2 - Devils : 3.
14:53 of 3rd period - Anze Kopitar wins face-off versus Jan Bulis in neutral zone.
15:24 of 3rd period - Paul Martin is hit by Chris Kunitz.
16:33 of 3rd period - Snap shot by Peter Schaefer.
16:33 of 3rd period - Shot Misses the Net.
16:35 of 3rd period - Snap shot by Jan Bulis.
16:35 of 3rd period - Stopped by Dan Ellis without a rebound.
16:36 of 3rd period - Olli Jokinen wins face-off versus Mike Richards in Devils zone.
16:45 of 3rd period - Slapshot by Sergei Zubov.
16:45 of 3rd period - Shot Blocked by Donald Brashear.
17:03 of 3rd period - Jarome Iginla is hit by Ben Lovejoy and loses puck.
17:08 of 3rd period - Wrist shot by Anze Kopitar.
17:08 of 3rd period - Deflect By Paul Martin.
17:08 of 3rd period - Goal by Anze Kopitar - Red Wings : 2 - Devils : 4.
17:09 of 3rd period - Mike Richards wins face-off versus Olli Jokinen in neutral zone.
17:12 of 3rd period - Slapshot by Kim Johnsson.
17:12 of 3rd period - Stopped by Dan Ellis without a rebound.
17:13 of 3rd period - Mike Richards wins face-off versus Olli Jokinen in Devils zone.
17:35 of 3rd period - Icing by Donald Brashear.
17:36 of 3rd period - Mike Richards wins face-off versus Anze Kopitar in Red Wings zone.
18:43 of 3rd period - Off-side.
18:44 of 3rd period - Martin Straka wins face-off versus Anze Kopitar in neutral zone.
19:09 of 3rd period - Ben Lovejoy is hit by Lubos Bartecko and loses puck.
19:14 of 3rd period - Wrist shot by Mike Richards.
19:14 of 3rd period - Shot Blocked by Sergei Zubov.
19:18 of 3rd period - Wrist shot by Donald Brashear.
19:18 of 3rd period - Goal by Donald Brashear - Red Wings : 3 - Devils : 4.
19:19 of 3rd period - Anze Kopitar wins face-off versus Martin Straka in neutral zone.
19:54 of 3rd period - Red Wings, Mike Smith is pulled from the net.


Output by the SimonT Hockey Simulator (STHS) for François Prévost -- Original Page W3C XHTML 1.0 Valid
Hockey Simulator - Hockey Simulation - Hockey Manager